 Dungeon Crawl Stone Soup version 0.30-a0-6-g7c9e10e132 (webtiles) character file.

Game seed: 6903362234274198860

67 themarg the Cudgeller (level 4, -5/34 HPs)
             Began as a Gnoll Wanderer on Aug 22, 2022.
             Killed by divine providence
             ... invoked by an orc priest
              (13 damage)
             ... on level 3 of the Dungeon.
             The game lasted 00:06:04 (2167 turns).

themarg the Cudgeller (Gnoll Wanderer)              Turns: 2167, Time: 00:06:05

Health: -5/34      AC:  4    Str: 13    XL:     4   Next: 16%
Magic:  8/8        EV: 12    Int: 12    God:
Gold:   106        SH:  0    Dex: 11    Spells: 8/9 levels left

rFire   . . .      SeeInvis .    s - +0 whip (elec)
rCold   . . .      Faith    .    (no shield)
rNeg    . . .      Spirit   .    d - +0 robe
rPois   .          Reflect  .    (no helmet)
rElec   .          Harm     .    b - +0 cloak
rCorr   .          Rampage  .    i - +0 pair of gloves
Will    .....                    (no boots)
Stlth   +.........               (no amulet)
HPRegen 0.11/turn                (no ring)
MPRegen 0.11/turn                (no ring)

@: no status effects
A: fangs 1, strong nose, distributed training
a: no special abilities


You were on level 3 of the Dungeon.
You visited 1 branch of the dungeon, and saw 3 of its levels.

You collected 106 gold pieces.

Inventory:

Hand Weapons
 a - a +0 mace
 s - a +0 whip of electrocution (weapon)
Missiles
 l - 5 poisoned darts
Armour
 b - a +0 cloak (worn)
 d - a +0 robe (worn)
 i - a +0 pair of gloves (worn)
Scrolls
 c - a scroll of butterflies
 g - a scroll of poison {unknown}
 h - 2 scrolls of enchant armour {unknown}
 m - 4 scrolls of identify {unknown}
 n - a scroll of vulnerability {unknown}
 o - 2 scrolls of immolation {unknown}
 p - 2 scrolls of teleportation {unknown}
 r - a scroll of fear {unknown}
 t - a scroll of torment {unknown}
 u - a scroll of blinking {unknown}
Potions
 e - 4 potions of heal wounds {unknown}
 f - a potion of lignification {unknown}
 j - 2 potions of curing {unknown}
 k - a potion of berserk rage {unknown}
 q - a potion of degeneration {unknown}


   Skills:
 + Level 2.7 Fighting
 + Level 1.1 Short Blades
 + Level 1.1 Long Blades
 + Level 1.1 Axes
 + Level 6.6 Maces & Flails
 + Level 1.1 Polearms
 + Level 1.1 Staves
 + Level 1.1 Ranged Weapons
 + Level 1.1 Throwing
 + Level 2.7 Armour
 + Level 2.7 Dodging
 + Level 1.1 Stealth
 + Level 1.1 Shields
 + Level 1.1 Unarmed Combat
 + Level 3.0 Spellcasting
 + Level 3.8 Conjurations
 + Level 0.8 Hexes
 + Level 0.8 Summonings
 + Level 0.8 Necromancy
 + Level 0.8 Translocations
 + Level 0.8 Transmutations
 + Level 0.8 Fire Magic
 + Level 0.8 Ice Magic
 + Level 0.8 Air Magic
 + Level 0.8 Earth Magic
 + Level 0.8 Poison Magic
 + Level 2.8 Invocations
 + Level 1.1 Evocations


You had 8 spell levels left.
You knew the following spells:

 Your Spells              Type           Power      Damage    Failure   Level
a - Foxfire               Conj/Fire      28%        2x1d5     10%         1

Your spell library contained the following spells:

 Spells                   Type           Power      Damage    Failure   Level
 Static Discharge         Conj/Air       7%         3-4/arc   14%         2
 Stone Arrow              Conj/Erth      14%        3d7       28%         3
 Sticky Flame             Conj/Fire      7%         2d3       67%         4
 Animate Armour           Summ/Erth      6%         N/A       86%         4
 Lehudib's Crystal Spear  Conj/Erth      3%         10d3      100%        8


Dungeon Overview and Level Annotations

Branches:
Dungeon (3/15)

Altars:


Innate Abilities, Weirdness & Mutations

You have very sharp teeth.
Your uncanny sense of smell can sniff out nearby items.
Your experience applies equally to all skills.


Message History

a +0 hand axe; a dart slug corpse The orc priest shouts!
The orc priest invokes the aid of Beogh against you.
Beogh smites you!
Things that are here:
a +0 hand axe; a dart slug corpse You closely miss the orc.
The orc closely misses you.
You hit the orc.
The orc is lightly wounded.
The orc hits you but does no damage.
You barely miss the orc.
The orc is lightly wounded.
The orc hits you with a +0 short sword.
You hit the orc.
The orc is severely wounded.
You whack the orc!
You kill the orc!
You closely miss the orc priest.
The orc priest invokes the aid of Beogh against you.
Beogh smites you!
* * * LOW HITPOINT WARNING * * *
You barely miss the orc priest.
You bite the orc priest, but do no damage.
The orc priest hits you with a +0 mace.
* * * LOW HITPOINT WARNING * * *
You barely miss the orc priest. You whack the orc priest!
The orc priest is heavily wounded.
The orc priest hits you but does no damage.
You hit the orc priest.
The orc priest is heavily wounded.
The orc priest closely misses you.
You hit the orc priest.
The orc priest is severely wounded.
The orc priest barely misses you.
You hit the orc priest.
The orc priest is almost dead.
The orc priest invokes the aid of Beogh against you.
Beogh smites you!
You die...

#.....# # #.#
#.....#.### #.#
#.....#.... #.#
#.#........ #.#
#.#..o.....
#.###..........
∆
#.##...o..$....
#.##...####....
#@##...# .
∆#o##...##
#.......#
####....###
#...........
#.#####.####
#.#........
#.#....#.## #.#
#.........# #.#


You could see an orc priest.

Vanquished Creatures
  An adder (D:3)
  2 dart slugs
  2 orcs (D:3)
  5 ball pythons
  3 bats
  3 endoplasms
  4 giant cockroaches
  6 goblins
  2 hobgoblins
  9 jackals (D:1)
  2 quokkas (D:2)
  2 frilled lizards (D:1)
  2 kobolds (D:2)
  3 rats
46 creatures vanquished.

Notes
Turn   | Place    | Note
-------+----------+-------------------------------------------
     0 | D:1      | themarg the Gnoll Wanderer began the quest for the Orb.
     0 | D:1      | themarg set off with the following items: a +0 mace, a +0
                  | cloak, a scroll of butterflies, a +0 robe; and the
                  | following spell memorised: Foxfire; and the following
                  | spells available to memorise: Static Discharge, Sticky
                  | Flame.
     0 | D:1      | Reached XP level 1. HP: 17/17 MP: 4/4
   164 | D:1      | Reached XP level 2. HP: 14/23 MP: 5/5
   653 | D:1      | Reached XP level 3. HP: 26/28 MP: 7/7
  1241 | D:2      | Reached skill level 1 in Short Blades
  1241 | D:2      | Reached skill level 1 in Long Blades
  1241 | D:2      | Reached skill level 1 in Axes
  1241 | D:2      | Reached skill level 1 in Polearms
  1241 | D:2      | Reached skill level 1 in Staves
  1241 | D:2      | Reached skill level 1 in Ranged Weapons
  1241 | D:2      | Reached skill level 1 in Throwing
  1241 | D:2      | Reached skill level 1 in Stealth
  1241 | D:2      | Reached skill level 1 in Shields
  1241 | D:2      | Reached skill level 1 in Unarmed Combat
  1241 | D:2      | Reached skill level 1 in Evocations
  1771 | D:3      | Reached XP level 4. HP: 11/34 MP: 8/8
  2167 | D:3      | Killed from afar by an orc priest

Illustrated notes

Levels and vault maps discovered:
D:1:      dpeg_arrival_castle, layout_rooms
D:2:      layout_rooms, nicolae_elevator_lobby_asterisk
D:3:      layout_basic, mainiacjoe_overflow_cross_hatched

Skill      XL: |  1  2  3  4 |
---------------+-------------+-----
Short Blades   | 1 |  1.1
Long Blades    | 1 |  1.1
Axes           | 1 |  1.1
Polearms       | 1 |  1.1
Staves         | 1 |  1.1
Ranged Weapons | 1 |  1.1
Throwing       | 1 |  1.1
Stealth        | 1 |  1.1
Shields        | 1 |  1.1
Unarmed Combat | 1 |  1.1
Evocations     | 1 |  1.1
Spellcasting   | 3 |  3.0
Fighting       | |  2.7
Maces & Flails | |  6.6
Armour         | |  2.7
Dodging        | |  2.7
Conjurations   | |  3.8
Hexes          | |  0.8
Summonings     | |  0.8
Necromancy     | |  0.8
Translocations | |  0.8
Transmutations | |  0.8
Fire Magic     | |  0.8
Ice Magic      | |  0.8
Air Magic      | |  0.8
Earth Magic    | |  0.8
Poison Magic   | |  0.8
Invocations    | |  2.8

Action                   |  1- 3 |  4- 6 || total
-------------------------+-------+-------++-------
Melee: Mace              |   112 |       ||   112
       Bite              |    10 |     1 ||    11
       Punch             |     2 |       ||     2
       Whip              |    15 |    31 ||    46
 Stab: Sleeping          |     1 |       ||     1
Armor: Robe              |    37 |     3 ||    40
Dodge: Dodged            |    91 |    10 ||   101

Table legend: (Time is in decaauts)
 A = Elapsed time spent in this place.
 B = Non-inter-level travel time spent in this place.
 C = Inter-level travel time spent in this place.
 D = Time resting spent in this place.
 E = Time spent auto-exploring this place.
 F = Levels seen in this place.
 G = Mean time per level.
                   A        B        C        D        E       F      G
               +--------+--------+--------+--------+--------+-----+--------+
         Total |   2167 |   2134 |     33 |    932 |    621 |   3 |  722.3 |
       Dungeon |   2167 |   2134 |     33 |    932 |    621 |   3 |  722.3 |
               +--------+--------+--------+--------+--------+-----+--------+

Top non-repeatable levels by time:
     D:1: 897 daAuts
     D:2: 864 daAuts
     D:3: 405 daAuts
